| TOP OF THE 1ST |
|
Peoria Chiefs batting - Pitching for Augusta GreenJackets : RHP Tadesse Karume
|
|
Pitching: RHP Tadesse Karume
|
|
|
Batting: LHB Jay Fenderson
|
0-0: Ball 1-0: Ball 2-0: Foul Ball, location: 2F 2-1: Ball 3-1: Foul Ball, location: 2F 3-2: Base on Balls
|
|
Batting: RHB Jorge Benites
|
0-0: Ball 1-0: Called Strike 1-1: Foul Ball, location: 2F 1-2: Ball 2-2: Foul Ball, location: 2F 2-2: Ball 3-2: Fly out, F6 (Flyball, 56D, EV 75.6 MPH)
|
|
Batting: RHB Terry Baginski
|
0-0: Swinging Strike 0-1: Ball 1-1: Ball 2-1: Foul Ball, location: 2F 2-2: SINGLE (Groundball, 34S, EV 83.8 MPH) (infield hit) Jay Fenderson to second
|
|
Batting: RHB Dan Boykins
|
0-0: Ball 1-0: Swinging Strike 1-1: Grounds into double play, 3-6-1 (Groundball, 13, EV 76.9 MPH)
|
| Top of the 1st over - 0 runs, 1 hit, 0 errors, 1 left on base; Peoria 0 - Augusta 0 |
| BOTTOM OF THE 1ST |
|
Augusta GreenJackets batting - Pitching for Peoria Chiefs : RHP Matt Hamm
|
|
Pitching: RHP Matt Hamm
|
|
|
Batting: RHB Danny Gallo
|
0-0: Foul Ball, location: 2F 0-1: Foul Ball, location: 2F 0-2: Ball 1-2: Foul Ball, location: 2F 1-2: Ball 2-2: Fly out, F8 (Flyball, 8LS, EV 86.2 MPH)
|
|
Batting: RHB Mike Buchanan
|
0-0: Swinging Strike 0-1: Called Strike 0-2: Ball 1-2: Strikes out swinging
|
|
Batting: LHB Carey Horncole
|
0-0: Foul Ball, location: 2F 0-1: Foul Ball, location: 2F 0-2: Strikes out swinging
|
| Bottom of the 1st over - 0 runs, 0 hits, 0 errors, 0 left on base; Peoria 0 - Augusta 0 |
| TOP OF THE 2ND |
|
Peoria Chiefs batting - Pitching for Augusta GreenJackets : RHP Tadesse Karume
|
|
Batting: RHB Travis Leonard
|
0-0: Called Strike 0-1: Called Strike 0-2: Ball 1-2: Strikes out swinging
|
|
Batting: RHB Josh Martin
|
0-0: Ball 1-0: Ball 2-0: Ball 3-0: Called Strike 3-1: Base on Balls
|
|
Batting: RHB Javier Ochoa
|
0-0: Ball Josh Martin steals 2nd base 1-0: Foul Ball, location: 2F 1-1: SINGLE (Line Drive, 89S, EV 95.0 MPH) Josh Martin to third
|
|
Batting: RHB Justin Reich
|
0-0: Called Strike 0-1: Foul Ball, location: 2F 0-2: Foul Ball, location: 2F 0-2: Ball 1-2: Ball Wild Pitch! Josh Martin scores Javier Ochoa to second 2-2: Ball 3-2: Ground out 5-3 (Groundball, 5L, EV 111.2 MPH)
|
|
Batting: SHB Steve Barnett
|
0-0: Called Strike 0-1: Foul Ball, location: 2F 0-2: Ball 1-2: Ground out 6-3 (Groundball, P, EV 85.6 MPH)
|
| Top of the 2nd over - 1 run, 1 hit, 0 errors, 1 left on base; Peoria 1 - Augusta 0 |
| BOTTOM OF THE 2ND |
|
Augusta GreenJackets batting - Pitching for Peoria Chiefs : RHP Matt Hamm
|
|
Batting: LHB Gabe Velez
|
0-0: Called Strike 0-1: Fly out, F9 (Flyball, 9, EV 83.8 MPH)
|
|
Batting: RHB Chris King
|
0-0: Called Strike 0-1: Foul Ball, location: 2F 0-2: Ball 1-2: Foul Ball, location: 2F 1-2: Ground out 6-3 (Groundball, 56, EV 83.1 MPH)
|
|
Batting: LHB Terry Ebersole
|
0-0: Called Strike 0-1: Ball 1-1: Ball 2-1: Ball 3-1: Base on Balls
|
|
Batting: RHB Doug Kennie
|
0-0: Called Strike 0-1: Ball 1-1: Swinging Strike 1-2: SINGLE (Line Drive, 7S, EV 90.0 MPH) Terry Ebersole to second
|
|
Batting: RHB Juan Flores
|
0-0: Foul Ball, location: 2F 0-1: Foul Ball, location: 2F 0-2: Ball 1-2: SINGLE (Groundball, 6S, EV 63.8 MPH) (infield hit) Terry Ebersole to third Doug Kennie to second
|
|
Batting: RHB Alfredo Lemus
|
0-0: Fielders Choice at 2nd, U6 (Groundball, 6M, EV 86.2 MPH)
|
| Bottom of the 2nd over - 0 runs, 2 hits, 0 errors, 3 left on base; Peoria 1 - Augusta 0 |
| TOP OF THE 3RD |
|
Peoria Chiefs batting - Pitching for Augusta GreenJackets : RHP Tadesse Karume
|
|
Batting: LHB Jay Fenderson
|
0-0: Ground out 6-3 (Groundball, 6, EV 85.6 MPH)
|
|
Batting: RHB Jorge Benites
|
0-0: Called Strike 0-1: Ball 1-1: Swinging Strike 1-2: SOLO HOME RUN (Flyball, 9LD, EV 92.5 MPH), Distance : 341 ft
|
|
Batting: RHB Terry Baginski
|
0-0: Called Strike 0-1: Ball 1-1: Ball 2-1: Ball 3-1: Called Strike 3-2: Foul Ball, location: 2F 3-2: Base on Balls
|
|
Batting: RHB Dan Boykins
|
0-0: Ball 1-0: Fly out, F7 (Flyball, 78S, EV 81.9 MPH)
|
|
Batting: RHB Travis Leonard
|
0-0: Ball Terry Baginski steals 2nd base 1-0: Ball 2-0: Foul Ball, location: 2F 2-1: Swinging Strike 2-2: Ball 3-2: Foul Ball, location: 2F 3-2: Base on Balls
|
|
Batting: RHB Josh Martin
|
0-0: Ball 1-0: Called Strike 1-1: Ball 2-1: Ball 3-1: Base on Balls Terry Baginski to third Travis Leonard to second
|
|
Batting: RHB Javier Ochoa
|
0-0: Fielders Choice at 2nd, 6-4 (Groundball, 56, EV 78.1 MPH)
|
| Top of the 3rd over - 1 run, 1 hit, 0 errors, 3 left on base; Peoria 2 - Augusta 0 |
| BOTTOM OF THE 3RD |
|
Augusta GreenJackets batting - Pitching for Peoria Chiefs : RHP Matt Hamm
|
|
Batting: RHB Danny Gallo
|
0-0: Ball 1-0: Ball 2-0: DOUBLE (Line Drive, 9LD, EV 108.1 MPH)
|
|
Batting: RHB Mike Buchanan
|
0-0: Called Strike 0-1: Ball 1-1: Foul Ball, location: 2F 1-2: Ball Wild Pitch! Danny Gallo to third 2-2: Ball 3-2: Fly out, F7 (Line Drive, 7, EV 89.4 MPH) Runner from 3rd tags up, SCORES, no throw by LF
|
|
Batting: LHB Carey Horncole
|
0-0: Called Strike 0-1: Foul Ball, location: 2F 0-2: Strikes out swinging
|
|
Batting: LHB Gabe Velez
|
0-0: Foul Ball, location: 2F 0-1: Ball 1-1: Foul Ball, location: 2F 1-2: Foul Ball, location: 2F 1-2: Ball 2-2: Fly out, F7 (Flyball, 78M, EV 96.9 MPH)
|
| Bottom of the 3rd over - 1 run, 1 hit, 0 errors, 0 left on base; Peoria 2 - Augusta 1 |
| TOP OF THE 4TH |
|
Peoria Chiefs batting - Pitching for Augusta GreenJackets : RHP Tadesse Karume
|
|
Batting: RHB Justin Reich
|
0-0: Called Strike 0-1: Ball 1-1: Foul Ball, location: 2F 1-2: Ball 2-2: Ground out 6-3 (Groundball, 6, EV 96.9 MPH)
|
|
Batting: SHB Steve Barnett
|
0-0: Called Strike 0-1: Called Strike 0-2: Ball 1-2: Foul Ball, location: 2F 1-2: Ball 2-2: Ball 3-2: Foul Ball, location: 2F 3-2: Base on Balls
|
|
Batting: LHB Jay Fenderson
|
0-0: Foul Ball, location: 2F 0-1: Ball 1-1: Ball 2-1: Ball 3-1: Base on Balls Steve Barnett to second
|
|
Batting: RHB Jorge Benites
|
0-0: Ball 1-0: Foul Ball, location: 2F 1-1: Called Strike 1-2: Strikes out looking
|
|
Batting: RHB Terry Baginski
|
0-0: Ball 1-0: Called Strike 1-1: Swinging Strike 1-2: Ground out 4-3 (Groundball, 4, EV 86.2 MPH)
|
| Top of the 4th over - 0 runs, 0 hits, 0 errors, 2 left on base; Peoria 2 - Augusta 1 |
| BOTTOM OF THE 4TH |
|
Augusta GreenJackets batting - Pitching for Peoria Chiefs : RHP Matt Hamm
|
|
Batting: RHB Chris King
|
0-0: Ball 1-0: Foul Ball, location: 2F 1-1: Swinging Strike 1-2: Foul Ball, location: 2F 1-2: Foul Ball, location: 2F 1-2: Foul Ball, location: 2F 1-2: SOLO HOME RUN (Flyball, 8RXD, EV 107.5 MPH), Distance : 451 ft
|
|
Batting: LHB Terry Ebersole
|
0-0: Swinging Strike 0-1: Foul Ball, location: 2F 0-2: Strikes out swinging
|
|
Batting: RHB Doug Kennie
|
0-0: Called Strike 0-1: Foul Ball, location: 2F 0-2: DOUBLE (Line Drive, 8RXD, EV 111.2 MPH)
|
|
Batting: RHB Juan Flores
|
0-0: Ball 1-0: Called Strike 1-1: Ball 2-1: Called Strike 2-2: Strikes out swinging
|
|
Batting: RHB Alfredo Lemus
|
0-0: Ground out 4-3 (Groundball, P, EV 80.6 MPH)
|
| Bottom of the 4th over - 1 run, 2 hits, 0 errors, 1 left on base; Peoria 2 - Augusta 2 |
| TOP OF THE 5TH |
|
Peoria Chiefs batting - Pitching for Augusta GreenJackets : RHP Tadesse Karume
|
|
Batting: RHB Dan Boykins
|
0-0: Called Strike 0-1: Ball 1-1: Called Strike 1-2: Ball 2-2: DOUBLE (Line Drive, 89D, EV 110.6 MPH)
|
|
Batting: RHB Travis Leonard
|
0-0: Ball 1-0: Called Strike 1-1: Foul Ball, location: 2F 1-2: SINGLE (Groundball, 4MD, EV 101.9 MPH) Dan Boykins to third Runner from 3rd tries for Home, SAFE, throw by CF to home
|
|
Pitching: LHP Matt Wass
|
|
|
Batting: RHB Josh Martin
|
0-0: Swinging Strike 0-1: Foul Ball, location: 2F 0-2: Ball 1-2: Foul Ball, location: 2F 1-2: Ball 2-2: Ball Wild Pitch! Travis Leonard to second 3-2: Strikes out looking
|
|
Batting: RHB Javier Ochoa
|
0-0: Ball 1-0: Called Strike 1-1: Ball 2-1: Ground out 6-3 (Groundball, 56, EV 103.8 MPH)
|
|
Batting: RHB Justin Reich
|
0-0: Foul Ball, location: 2F 0-1: SINGLE (Groundball, 34D, EV 100.0 MPH) Travis Leonard to third Runner from 3rd tries for Home, SAFE, throw by RF to home
|
|
Batting: SHB Steve Barnett
|
0-0: Called Strike 0-1: Ball 1-1: Ball 2-1: Foul Ball, location: 2F 2-2: Fly out, F7 (Flyball, 78S, EV 87.5 MPH)
|
| Top of the 5th over - 2 runs, 3 hits, 0 errors, 1 left on base; Peoria 4 - Augusta 2 |
| BOTTOM OF THE 5TH |
|
Augusta GreenJackets batting - Pitching for Peoria Chiefs : RHP Matt Hamm
|
|
Batting: RHB Danny Gallo
|
0-0: Ball 1-0: Ball 2-0: Foul Ball, location: 2F 2-1: Ball 3-1: Foul Ball, location: 2F 3-2: Strikes out swinging
|
|
Pitching: RHP Asao Saito
|
|
|
Batting: RHB Mike Buchanan
|
0-0: Ball 1-0: Ground out U3 (Groundball, 34S, EV 89.4 MPH)
|
|
Batting: LHB Carey Horncole
|
0-0: Foul Ball, location: 2F 0-1: Foul Ball, location: 2F 0-2: Foul Ball, location: 2F 0-2: Ball 1-2: Ball 2-2: Ball 3-2: Foul Ball, location: 2F 3-2: DOUBLE (Line Drive, 89XD, EV 98.1 MPH)
|
|
Batting: LHB Gabe Velez
|
0-0: Called Strike 0-1: Foul Ball, location: 2F Balk! Carey Horncole to third 0-2: Ball 1-2: DOUBLE (Line Drive, 89XD, EV 105.6 MPH) Carey Horncole scores
|
|
Batting: RHB Chris King
|
0-0: Ball 1-0: Called Strike 1-1: SINGLE (Groundball, 34D, EV 98.8 MPH) Gabe Velez to third Runner from 3rd tries for Home, SAFE, throw by RF to home
|
|
Batting: LHB Terry Ebersole
|
0-0: Ball 1-0: SINGLE (Flyball, 6MD, EV 90.0 MPH) Chris King to second
|
|
Batting: RHB Doug Kennie
|
0-0: Ball 1-0: Ball 2-0: Ball 3-0: Called Strike 3-1: Base on Balls Chris King to third Terry Ebersole to second
|
|
Pitching: RHP Jason Inman
|
|
|
Batting: RHB Juan Flores
|
0-0: Called Strike 0-1: Called Strike 0-2: Strikes out swinging
|
| Bottom of the 5th over - 2 runs, 4 hits, 0 errors, 3 left on base; Peoria 4 - Augusta 4 |
| TOP OF THE 6TH |
|
Peoria Chiefs batting - Pitching for Augusta GreenJackets : LHP Matt Wass
|
|
Pinch Hitting: SHB Bobby O'Leary
|
0-0: Ball 1-0: Foul Ball, location: 2F 1-1: Swinging Strike 1-2: Strikes out looking
|
|
Batting: RHB Jorge Benites
|
0-0: Foul Ball, location: 2F 0-1: Swinging Strike 0-2: Ball 1-2: Strikes out swinging
|
|
Batting: RHB Terry Baginski
|
0-0: Ball 1-0: Called Strike 1-1: Ball 2-1: Swinging Strike 2-2: Ball 3-2: Foul Ball, location: 2F 3-2: Fly out, F2 (Popup, 3SF, EV 87.5 MPH)
|
| Top of the 6th over - 0 runs, 0 hits, 0 errors, 0 left on base; Peoria 4 - Augusta 4 |
| BOTTOM OF THE 6TH |
|
Augusta GreenJackets batting - Pitching for Peoria Chiefs : RHP Jason Inman
|
|
Now in CF: Chris Simmons
|
|
|
Batting: RHB Alfredo Lemus
|
0-0: Called Strike 0-1: SINGLE (Groundball, 6MD, EV 101.9 MPH)
|
|
Batting: RHB Danny Gallo
|
0-0: Ball 1-0: Foul Ball, location: 2F 1-1: Ball 2-1: Swinging Strike 2-2: Foul Ball, location: 2F 2-2: Strikes out swinging
|
|
Batting: RHB Mike Buchanan
|
0-0: Ball 1-0: Ball 2-0: Called Strike 2-1: Foul Ball, location: 2F 2-2: Ball 3-2: Strikes out swinging
|
|
Batting: LHB Carey Horncole
|
0-0: Ball Pickoff Throw to First - Error! E1 Alfredo Lemus to second 1-0: Foul Ball, location: 2F 1-1: Ball 2-1: Foul Ball, location: 2F 2-2: Ball 3-2: Fly out, F9 (Flyball, 9LM, EV 103.8 MPH)
|
| Bottom of the 6th over - 0 runs, 1 hit, 1 error, 1 left on base; Peoria 4 - Augusta 4 |
| TOP OF THE 7TH |
|
Peoria Chiefs batting - Pitching for Augusta GreenJackets : LHP Matt Wass
|
|
Pitching: LHP Kyle Worford
|
|
|
Batting: RHB Dan Boykins
|
0-0: Ball 1-0: Ground out 6-3 (Groundball, 6, EV 90.0 MPH)
|
|
Batting: RHB Travis Leonard
|
0-0: Ball 1-0: Called Strike 1-1: Swinging Strike 1-2: Fly out, F7 (Flyball, 7LM, EV 94.4 MPH)
|
|
Batting: RHB Josh Martin
|
0-0: Called Strike 0-1: Ball 1-1: SINGLE (Groundball, 6MD, EV 96.2 MPH)
|
|
Batting: RHB Javier Ochoa
|
0-0: Called Strike 0-1: Reached on error, E6 (Groundball, 6, EV 85.0 MPH) Josh Martin to second
|
|
Batting: RHB Justin Reich
|
0-0: Swinging Strike 0-1: Ball 1-1: Ball 2-1: Swinging Strike 2-2: Ball 3-2: Strikes out swinging
|
| Top of the 7th over - 0 runs, 1 hit, 1 error, 2 left on base; Peoria 4 - Augusta 4 |
| BOTTOM OF THE 7TH |
|
Augusta GreenJackets batting - Pitching for Peoria Chiefs : RHP Jason Inman
|
|
Pitching: LHP Kai Klindt
|
|
|
Pinch Hitting: RHB Drew Duncan
|
0-0: Ball 1-0: SOLO HOME RUN (Line Drive, 7LD, EV 97.5 MPH), Distance : 359 ft
|
|
Pitching: RHP Ed Puentes
|
|
|
Batting: RHB Chris King
|
0-0: Ball 1-0: SINGLE (Flyball, 9LS, EV 91.9 MPH)
|
|
Batting: LHB Terry Ebersole
|
0-0: Bunt missed! 0-1: Bunted foul 0-2: Ball 1-2: Ball 2-2: Ball 3-2: Foul Ball, location: 2F 3-2: Base on Balls Chris King to second
|
|
Batting: RHB Doug Kennie
|
0-0: Ball 1-0: Foul Ball, location: 2F 1-1: Foul Ball, location: 2F 1-2: Foul Ball, location: 2F 1-2: Ball 2-2: Grounds into double play, 6-4-3 (Groundball, 56, EV 81.9 MPH) Chris King to third
|
|
Batting: RHB Juan Flores
|
0-0: Intentional Walk
|
|
Batting: RHB Alfredo Lemus
|
0-0: Ball 1-0: Foul Ball, location: 2F 1-1: Ball 2-1: Ball 3-1: SINGLE (Groundball, 5L, EV 100.6 MPH) (infield hit) Chris King scores Juan Flores to second
|
|
Batting: RHB Danny Gallo
|
0-0: Ball 1-0: Swinging Strike 1-1: Foul Ball, location: 2F 1-2: Ball 2-2: Strikes out looking
|
| Bottom of the 7th over - 2 runs, 3 hits, 0 errors, 2 left on base; Peoria 4 - Augusta 6 |
| TOP OF THE 8TH |
|
Peoria Chiefs batting - Pitching for Augusta GreenJackets : LHP Kyle Worford
|
|
Pitching: RHP Mike Richards
|
|
|
Now in RF: John Whitman
|
|
|
Batting: SHB Steve Barnett
|
0-0: Called Strike 0-1: Ball 1-1: Called Strike 1-2: Ground out 4-3 (Groundball, 34D, EV 102.5 MPH)
|
|
Batting: RHB Chris Simmons
|
0-0: Ball 1-0: SINGLE (Groundball, 6MD, EV 103.1 MPH)
|
|
Batting: RHB Jorge Benites
|
0-0: Ball 1-0: Ball 2-0: Called Strike 2-1: Called Strike 2-2: Ball 3-2: Strikes out swinging
|
|
Batting: RHB Terry Baginski
|
0-0: Called Strike 0-1: Ball 1-1: Ball 2-1: Foul Ball, location: 2F 2-2: Foul Ball, location: 2F 2-2: Ground out 1-3 (Groundball, 23, EV 68.8 MPH)
|
| Top of the 8th over - 0 runs, 1 hit, 0 errors, 1 left on base; Peoria 4 - Augusta 6 |
| BOTTOM OF THE 8TH |
|
Augusta GreenJackets batting - Pitching for Peoria Chiefs : RHP Ed Puentes
|
|
Batting: RHB Mike Buchanan
|
0-0: Ball 1-0: Ball 2-0: Foul Ball, location: 2F 2-1: Called Strike 2-2: Ball 3-2: Strikes out swinging
|
|
Batting: LHB Carey Horncole
|
0-0: Called Strike 0-1: Ball 1-1: Ball 2-1: Ball 3-1: Swinging Strike 3-2: Fly out, F8 (Flyball, 8LD, EV 88.1 MPH)
|
|
Batting: LHB John Whitman
|
0-0: Ball 1-0: Swinging Strike 1-1: SINGLE (Line Drive, 7S, EV 87.5 MPH)
|
|
Pitching: RHP Rich Young
|
|
|
Batting: RHB Chris King
|
0-0: Ball 1-0: Called Strike 1-1: Ball 2-1: Swinging Strike 2-2: Strikes out looking
|
| Bottom of the 8th over - 0 runs, 1 hit, 0 errors, 1 left on base; Peoria 4 - Augusta 6 |
| TOP OF THE 9TH |
|
Peoria Chiefs batting - Pitching for Augusta GreenJackets : RHP Mike Richards
|
|
Pitching: RHP Ron Riley
|
|
|
Now at 1B: Omar Jordan
|
|
|
Batting: RHB Dan Boykins
|
0-0: Foul Ball, location: 2F 0-1: Fly out, F8 (Flyball, 8LXD, EV 94.4 MPH)
|
|
Batting: RHB Travis Leonard
|
0-0: Ball 1-0: DOUBLE (Line Drive, 3D, EV 99.4 MPH)
|
|
Batting: RHB Josh Martin
|
0-0: Called Strike 0-1: Ball 1-1: Ball 2-1: Swinging Strike 2-2: Strikes out swinging
|
|
Batting: RHB Javier Ochoa
|
0-0: Called Strike 0-1: Ball 1-1: Called Strike 1-2: Fly out, F7 (Line Drive, 7D, EV 105.0 MPH)
|
| Top of the 9th over - 0 runs, 1 hit, 0 errors, 1 left on base; Peoria 4 - Augusta 6 |
|